 Dungeon Sprint DCSS version 0.31-a0-1576-ga3383bade6 (webtiles) character file.

Game seed: 17232348005928766876

172 sircluck the Ruffian (level 5, -7/59 HPs)
             Began as a Troll Berserker on Jan 4, 2024.
             Was a Believer of Trog.
             Killed from afar by an oklob sapling wizard (29 damage)
             ... with a splash of acid
             ... in the Dungeon (Sprint IV: "Fedhas' Mad Dash").
             The game lasted 00:00:29 (92 turns).

sircluck the Ruffian (Troll Berserker)                Turns: 92, Time: 00:00:29

Health: -7/59      AC:  0    Str: 27    XL:     5   Next: 27%
Magic:  4/4        EV: 11    Int:  3    God:    Trog [**....]
Gold:   59         SH:  0    Dex:  9    Spells: 4/4 levels left

rFire   . .          .
                       - Unarmed
rCold   . . .        (no shield)
rNeg    . . .        a - +0 animal skin
rPois   .            (helmet restricted)
rElec   .            (no cloak)
rCorr   .            (gloves unavailable)
SInv    .            (boots unavailable)
Will    .....        j - amulet of invisibility {+Inv}
Stlth   +            (no ring)
HPRegen 1.09/turn    (no ring)
MPRegen 0.09/turn

%: no teleportation
@: corroded, very slightly contaminated
A: large, unfitting armour, claws 3, regeneration 1, shaggy fur 1, tough skin 1
a: Renounce Religion, Evoke Invisibility, Berserk, Trog's Hand


You were in the Dungeon.
You worshipped Trog.
Trog was pleased with you.
You visited 1 branch You collected 59 gold pieces.

Inventory:

Armour
 a - a +0 animal skin (worn)
Jewellery
 j - the amulet of invisibility (around neck) {+Inv}
   (You found it in the Dungeon)

   [amulet of nothing]

   +Inv:      It lets you turn invisible.
Scrolls
 g - a scroll of blinking
 h - a scroll of identify {unknown}
Potions
 b - a potion of curing
 c - a potion of heal wounds
 d - a potion of haste
 e - 2 potions of magic
 f - a potion of berserk rage
 i - a potion of ambrosia {unknown}


   Skills:
 + Level 5.8 Fighting
 + Level 5.7 Dodging
 + Level 6.9 Unarmed Combat


You had 4 spell levels left.
You didn't know any spells.
Your spell library was empty.

Dungeon Overview and Level Annotations

Branches:
Dungeon (1/1)

Altars:
Cheibriados
Dithmenos
Elyvilon
Gozag
Hepliaklqana
Kikubaaqudgha
Makhleb
Nemelex Xobeh
Okawaru
Qazlal
Ru
Sif Muna
Trog
Uskayaw
Vehumet
Wu Jian
Xom
Yredelemnul
Zin
The Shining One
Jiyva
Lugonu

Annotations:
D exclusion: oklob sapling


Innate Abilities, Weirdness & Mutations

You are too large for most types of armour.
You have claws for hands.
Your natural rate of healing is unusually fast.
You are covered in fur. (AC +1)
You have tough skin. (AC +1)


Message History

Found three altars.
Found a radiant altar of Vehumet and a corrupted altar of Lugonu.
There is a sparkling altar of Nemelex Xobeh here.
The helpless oklob sapling priest fails to defend itself.
You claw the oklob sapling priest!
The oklob sapling priest is moderately damaged.
You scratch the oklob sapling priest.
The oklob sapling priest is heavily damaged.
You claw the oklob sapling priest!
The oklob sapling priest is severely damaged.
You scratch the oklob sapling priest but do no damage.
The oklob sapling priest is severely damaged.
You flicker for a moment.
You claw the oklob sapling priest!
You destroy the oklob sapling priest!
Trog accepts your kill.
You have reached level 5!
There is an iron altar of Okawaru here.
You flicker back into view.
There is a stormy altar of Qazlal here.
You open the door.
An oklob sapling wizard comes into view.
Marking area around an oklob sapling wizard as unsafe for travelling.
Found a scroll labelled YDUNNA VALELUKYG and an Everburning Encyclopedia.
The oklob sapling wizard spits acid at you.
The splash of acid hits you!! The acid corrodes you!
There is an open door here.
The oklob sapling wizard spits acid at you.
The splash of acid hits you!
You claw the oklob sapling wizard! You claw the oklob sapling wizard.
The oklob sapling wizard is almost destroyed.
The oklob sapling wizard miscasts a cantrip.
You scratch the oklob sapling wizard but do no damage.
The oklob sapling wizard is almost destroyed.
The oklob sapling wizard begins to cast a cantrip, but forgets the words!
You scratch the oklob sapling wizard but do no damage.
The oklob sapling wizard is almost destroyed.
The oklob sapling wizard spits acid at you.
The splash of acid hits you!!
You die...

###################
.#.⌠._._._._.⌠.#.?+
.'.._._._._._..'@P#
.#..._._._._...#..#
##.._._._._._..#.:#
.#._._._._._.⌠.####
.############### ##


You could see an oklob sapling wizard.

Vanquished Creatures
  A scorpion (D)
  3 oklob saplings (D)
  A river rat (D)
  A rat (D)
6 creatures vanquished.

Notes
Turn   | Place    | Note
-------+----------+-------------------------------------------
     0 | D        | sircluck the Troll Berserker began the quest for the Orb.
     0 | D        | Reached XP level 1. HP: 22/22 MP: 0/0
     7 | D        | Reached XP level 2. HP: 31/31 MP: 1/1
    22 | D        | Noticed an oklob sapling
    26 | D        | Killed an oklob sapling
    26 | D        | Reached ** piety under Trog
    27 | D        | Reached skill level 4 in Unarmed Combat
    27 | D        | Reached XP level 3. HP: 39/39 MP: 2/2
    28 | D        | Noticed a scorpion
    28 | D        | Found the amulet of invisibility {+Inv}
    29 | D        | Killed a scorpion
    30 | D        | Reached skill level 5 in Unarmed Combat
    30 | D        | Reached XP level 4. HP: 49/49 MP: 3/3
    51 | D        | Reached skill level 5 in Fighting
    51 | D        | Reached skill level 5 in Dodging
    51 | D        | Reached skill level 6 in Unarmed Combat
    66 | D        | Found an opulent altar of Gozag.
    66 | D        | Found a hazy altar of Hepliaklqana.
    66 | D        | Found a burning altar of Makhleb.
    66 | D        | Found a sparkling altar of Nemelex Xobeh.
    66 | D        | Found a snail-covered altar of Cheibriados.
    66 | D        | Found a sacrificial altar of Ru.
    66 | D        | Found a shimmering blue altar of Sif Muna.
    66 | D        | Found a shimmering altar of Xom.
    66 | D        | Found a basalt altar of Yredelemnul.
    67 | D        | Found a viscous altar of Jiyva.
    67 | D        | Found a bloodstained altar of Trog.
    67 | D        | Found an ornate altar of the Wu Jian Council.
    68 | D        | Found an iron altar of Okawaru.
    68 | D        | Found a glowing silver altar of Zin.
    68 | D        | Found a shadowy altar of Dithmenos.
    69 | D        | Found a hide-covered altar of Uskayaw.
    69 | D        | Found an ancient bone altar of Kikubaaqudgha.
    70 | D        | Found a stormy altar of Qazlal.
    70 | D        | Found a glowing golden altar of the Shining One.
    70 | D        | Found a white marble altar of Elyvilon.
    71 | D        | Found a radiant altar of Vehumet.
    71 | D        | Found a corrupted altar of Lugonu.
    79 | D        | Reached XP level 5. HP: 59/59 MP: 4/4
    92 | D        | Killed from afar by an oklob sapling wizard

Illustrated notes

Levels and vault maps discovered:
D:        dungeon_sprint_fedhas [sprint_temple]

Skill      XL: |  1  2  3  4 |
---------------+-------------+-----
Fighting       | 3 4 5 |  5.8
Dodging        | 3 4 5 |  5.7
Unarmed Combat | 4 5 6 |  6.9

Action                     |  1- 3 |  4- 6 || total
---------------------------+-------+-------++-------
  Melee: Unarmed           |    12 |    10 ||    22
         Punch             |     2 |     1 ||     3
Ability: Evoke Invisibilit |       |     1 ||     1
   Stab: Sleeping          |       |     1 ||     1
 Armour: Animal skin       |     5 |     3 ||     8
  Dodge: Dodged            |     3 |       ||     3

Table legend: (Time is in decaauts)
 A = Elapsed time spent in this place.
 B = Non-inter-level travel time spent in this place.
 C = Inter-level travel time spent in this place.
 D = Time resting spent in this place.
 E = Time spent auto-exploring this place.
 F = Levels seen in this place.
 G = Mean time per level.
                   A        B        C        D        E       F      G
               +--------+--------+--------+--------+--------+-----+--------+
         Total |     90 |     90 |      0 |      0 |     17 |   1 |   90.0 |
       Dungeon |     90 |     90 |      0 |      0 |     17 |   1 |   90.0 |
               +--------+--------+--------+--------+--------+-----+--------+

Top non-repeatable levels by time:
       D: 90 daAuts
